 Dungeon Crawl Stone Soup version 0.23.2-1-ga50397a (webtiles) character file.

Game seed: 8647475605720403252

42 myga the Charmwright (level 3, 0/24 HPs)
             Began as a Halfling Skald on May 14, 2019.
             Succumbed to an adder's poison
             ... on level 2 of the Dungeon.
             The game lasted 00:07:05 (1699 turns).

myga the Charmwright (Halfling Skald)               Turns: 1699, Time: 00:07:06

Health: 0/24       AC:  3    Str: 12 (13) XL:     3   Next: 77%
Magic:  1/6        EV: 14    Int: 10 (11) God:
Gold:   45         SH:  0    Dex: 12 (13) Spells: 1/6 levels left

rFire    . . .     SeeInvis .   k - -3 dagger (curse)
rCold    . . .     Gourm    .   (shield restricted)
rNeg     . . .     Faith    .   b - +0 leather armour
rPois    .         Spirit   .   (no helmet)
rElec    .         Reflect  .   (no cloak)
rCorr    .         Harm     .   (no gloves)
MR       .....                  (no boots)
Stlth    +.........             (no amulet)
HPRegen  0.08/turn              (no ring)
MPRegen  0.10/turn              (no ring)

@: lethally poisoned (0 -> -17)
A: small, mutation resistance 1
a: no special abilities


You were on level 2 of the Dungeon.
You were not hungry.

You visited 1 branch of the dungeon, and saw 2 of its levels.

You collected 45 gold pieces.

Inventory:

Hand Weapons
 a - a +0 short sword
 k - a cursed -3 dagger (weapon)
Missiles
 e - 45 stones (quivered)
Armour
 b - a +0 leather armour (worn)
Scrolls
 h - a scroll of amnesia
Comestibles
 d - 4 rations
 j - 4 chunks of flesh


   Skills:
 + Level 2.0 Fighting
 + Level 3.0 Short Blades
 + Level 1.2 Armour
 + Level 2.6 Dodging
 + Level 2.1 Spellcasting
 + Level 3.6 Charms


You had one spell level left.
You knew the following spells:

 Your Spells              Type           Power        Failure   Level  Hunger
a - Infusion              Chrm           #...         9%          1    ##.....
b - Song of Slaying       Chrm           #.......     14%         2    ###....
c - Shroud of Golubria    Chrm/Tloc      #.........   28%         2    ###....

Your spell library contained the following spells:

 Spells                   Type           Power        Failure   Level  Hunger
 Regeneration             Chrm/Necr      #.........   50%         3    ####...
 Spectral Weapon          Hex/Chrm       #.......     50%         3    ####...


Dungeon Overview and Level Annotations

Branches:
Dungeon (2/15)

Altars:


Innate Abilities, Weirdness & Mutations

You are small and have problems with some larger weapons.
You are somewhat resistant to further mutation.


Message History

You aren't carrying any potions.
Unknown command.
As you read the scroll labeled WIMACEROQI, it crumbles to dust.
You feel aware of your surroundings.
It was a scroll of magic mapping.
* * * LOW HITPOINT WARNING * * *
You feel sick. The adder closely misses you.
As you read the scroll labeled ITUCA VAIKH, it crumbles to dust.
You hear a burbling brook.
It was a scroll of random uselessness.
The adder closely misses you.
As you read the scroll labeled ASTOME GIEPEO, it crumbles to dust.
It is a scroll of identify.
You don't have any unidentified items.
* * * LOW HITPOINT WARNING * * *
You feel sick. The adder misses you. The adder bites you.
* * * LOW HITPOINT WARNING * * *
You are more poisoned.
The adder poisons you!
You barely miss the adder.
The adder is severely wounded.
You die...

##########################****
......>................>..,,,*
##################.....##***,*
*,.......@SK....# *,*
*,##....###.....# *,*
********+*#...,* #.....# *,*
,,,,,,,,,,#..,,* #.....# *,*
,,,,,,,,,,#.,,,* #.....# *,*
,,,,,,,,,,#,,,,* #.....# *,*
,,,,,,,,,,*,,,,**#.....# *,*
,,,,,,,,,,+,,,,,,.#+#### *,*
,,,,,,,,,,*,,,,**.*,********,***


You could see an adder and a kobold.

Vanquished Creatures
  An adder (D:2)
  A dart slug (D:2)
  A ball python (D:2)
  3 giant cockroaches (D:1)
  5 goblins
  3 hobgoblins (D:2)
  3 kobolds (D:1)
  A quokka (D:2)
  3 bats
  4 frilled lizards
  5 rats
30 creatures vanquished.

Notes
Turn   | Place    | Note
-------+----------+-------------------------------------------
     0 | D:1      | myga the Halfling Skald began the quest for the Orb.
     0 | D:1      | Reached XP level 1. HP: 14/14 MP: 3/3
   335 | D:1      | Reached XP level 2. HP: 19/19 MP: 1/4
   546 | D:1      | Learned a level 2 spell: Song of Slaying
  1281 | D:2      | Reached XP level 3. HP: 23/24 MP: 2/5
  1366 | D:2      | Learned a level 2 spell: Shroud of Golubria
  1698 | D:2      | HP: 1/24 [adder (1)]
  1699 | D:2      | Succumbed to an adder's poison

Skill      XL: |  1  2  3 |
---------------+----------+-----
Fighting       | 2 |  2.0
Spellcasting   | 2 |  2.1
Short Blades   | 3 |  3.0
Armour         | |  1.2
Dodging        | |  2.6
Charms         | |  3.6

Action                   || total
-------------------------++-------
Melee: Short sword       ||    98
       Dagger            ||    32
 Cast: Infusion          ||    11
       Song of Slaying   ||     2
  Use: Scroll            ||     4
       Potion            ||     1
  Eat: Chunk             ||     3
Armor: Leather armour    ||    24
Dodge: Dodged            ||    95
